woodfighter, neutral female human Tourist -------- |.....@I# ------------- |......|I ............. |.....<| |...........| |.......# ..........(.| |......|# |...........| |......|# ##............- --------### # |...........| # -------### ------------- ###|.....|# #.......# |.....| ----|-- # woodfighter the Sightseer Experience level: 5 Strength: 11 Dexterity: 11 Constitution: 17 Intelligence: 12 Wisdom: 9 Charisma: 16 Health: 0(45) Energy: 20(20) Def: 0 Gold: 79 Moves: 2352 Dungeon seed: 8P0e36recx5czJ_d Game ID: woodfighter_1528991096 Your Inventory: Coins $ - 79 gold pieces Amulets V - an uncursed amulet versus poison Weapons a - 29 +2 darts (in quiver) x - 60 +0 darts z - a cursed -1 dart A - a poisoned +0 dart P - 43 cursed +2 darts T - a blessed +3 dagger named Dagger of Integrity (weapon in hand) Z - 14 cursed -3 darts Armor e - an uncursed +0 Hawaiian shirt q - a blessed +0 dwarvish mithril-coat r - a cursed +0 Hawaiian shirt Comestibles b - 10 uncursed food rations c - an uncursed egg j - 3 uncursed eggs k - an uncursed sprig of wolfsbane m - an uncursed chestnut I - an uncursed magic bean K - a cursed pear Q - an uncursed cram ration R - an uncursed tripe ration Wands n - a wand of secret door detection (0:11) M - a wand of secret door detection (0:11) Tools l - an expensive camera (0:77) y - an uncursed credit card Spells and supernatural/magical abilities: Name Level Category Fail Memory W - pray for help -- divine ? -- Your skills at the end: Miscellaneous Skills wands [Basic] Weapon Skills dart [Basic] Spellcasting Skills Final Attributes: You were devoutly aligned. You were stealthy. You are dead. Vanquished creatures: 2 fog clouds a floating eye a kitten 2 kobold lords 4 jitterbugs 3 giant bats a gas spore 2 hobbits 4 geckos 7 garter snakes 3 jackals a fox 2 kobolds 7 newts a goblin 2 grid bugs 8 lichens 3 kobold zombies 54 creatures vanquished. Voluntary challenges: You did not adorn yourself with jewelry or accessories. You did not cause conflict. You were not invisible. You did not have reflection. You were not displaced. You were an atheist. You never hit with a wielded weapon. You did not apply a unicorn horn. You did not use plumbed fixtures. You did not drink any magical draughts. You read items or engraved 1 time, starting on turn 781. You never genocided any monsters. You never polymorphed an object. You never changed form. You used no wishes. You never split a pudding. You never wrote Elbereth's name. You never violated your personal moral code. Dungeon overview: The Dungeons of Doom: levels 1 to 6 Level 1 a sink a long staircase Level 2 some fountains Level 3 a fountain Level 4 stairs to The Gnomish Mines Level 5 many fountains Level 6 <- You were here a long staircase The Gnomish Mines: Level 5 stairs to The Dungeons of Doom History has recorded: On T:1 you entered the Dungeons of Doom to retrieve the Amulet of Yendor! On T:142 you reached level 2 of The Dungeons of Doom. On T:276 you advanced to experience level 2. On T:883 you reached level 3 of The Dungeons of Doom. On T:928 you advanced to experience level 3. On T:1278 you reached level 4 of The Dungeons of Doom. On T:1296 you advanced to experience level 4. On T:1314 you reached level 1 of The Gnomish Mines. On T:1510 you advanced to experience level 5. On T:1543 you reached level 5 of The Dungeons of Doom. On T:1987 you reached level 6 of The Dungeons of Doom. Score breakdown: Gold: 0 ( 0 points) Experience: 5 levels ( 400 points) Exploration: 6 levels ( 150 points) Discoveries: 2 items ( 100 points) Variety of kills: 18 monsters ( 900 points) Major goal: (nothing yet) ( 0 points) Survival: died (score multiplied by 3) Total score: 4650 Latest messages: You put 545 gold pieces into the bag called not holding. You put 3 scrolls of magic mapping into the bag called not holding. You put a scroll of magic mapping into the bag called not holding. You put a pink potion into the bag called not holding. You put a dark potion into the bag called not holding. You put a copper ring into the bag called not holding. $ - 5 gold pieces. $ - 8 gold pieces. You kill the newt! $ - 66 gold pieces. a - a +2 dart (in quiver). You stop exploring. You kill the gecko! Something claws you! Something's sting was poisoned! Something claws you! Something bites! Something claws you! Something's sting was poisoned! Something claws you! Something's sting was poisoned! You hear the howling of the CwnAnnwn... You die... Final status: Aloha woodfighter the Tourist, killed by an invisible quasit... You died in The Dungeons of Doom on dungeon level 6 with 4650 points, and 79 pieces of gold, after 2352 moves. You were level 5 with a maximum of 45 hit points when you died.